 Dungeon Crawl Stone Soup version 0.25.0-37-gb73750e0fb (webtiles) character file.

Game seed: 10514004476977946387

259 Ethylacetat the Poker (level 5, -9/40 HPs)
             Began as a Demonspawn Gladiator on July 8, 2020.
             Mangled by a gnoll
             ... wielding a +0 spear
              (11 damage)
             ... on level 2 of the Dungeon.
             The game lasted 00:03:09 (2205 turns).

Ethylacetat the Poker (Demonspawn Gladiator)        Turns: 2205, Time: 00:03:09

Health: -9/40      AC:  3    Str: 15    XL:     5   Next: 95%
Magic:  5/5        EV: 13    Int:  9    God:
Gold:   60         SH:  0    Dex: 17    Spells: 4/4 levels left

rFire    . . .     SeeInvis .   a - +0 trident
rCold    . . .     Gourm    .   (no shield)
rNeg     . . .     Faith    .   b - +0 leather armour
rPois    .         Spirit   .   (helmet restricted)
rElec    .         Reflect  .   (no cloak)
rCorr    .         Harm     .   (no gloves)
MR       .....                  (no boots)
Stlth    ++........             (no amulet)
HPRegen  0.13/turn              (no ring)
MPRegen  0.09/turn              (no ring)

@: no status effects
A: antennae 1, thin skeletal structure 1
a: no special abilities


You were on level 2 of the Dungeon.
You were not hungry.

You visited 1 branch of the dungeon, and saw 2 of its levels.

You collected 60 gold pieces.

Inventory:

Hand Weapons
 a - a +0 trident (weapon)
Missiles
 d - 3 throwing nets (quivered)
Armour
 b - a +0 leather armour (worn)
 c - a +0 helmet
Jewellery
 p - an uncursed ring of magical power
Wands
 g - a wand of iceblast (4)
Scrolls
 h - 4 scrolls of identify {unknown}
 n - a scroll of amnesia {unknown}
Potions
 e - a potion of berserk rage {unknown}
 i - 2 potions of curing {unknown}
 j - 2 potions of heal wounds {unknown}
 k - 2 potions of degeneration {unknown}
 l - a potion of ambrosia {unknown}
 o - a potion of lignification {unknown}
Comestibles
 f - 2 rations


   Skills:
 + Level 2.8 Fighting
 + Level 4.7 Polearms
 + Level 1.9 Throwing
 + Level 1.3 Armour
 + Level 3.3 Dodging
 + Level 1.6 Stealth


You had 4 spell levels left.
You didn't know any spells.
Your spell library was empty.

Dungeon Overview and Level Annotations

Branches:
Dungeon (2/15)

Altars:
Makhleb
Vehumet

Annotations:
D:2 1 runed translucent door, Crazy Yiuf


Innate Abilities, Weirdness & Mutations

You have a pair of small antennae on your head.
You have a somewhat thin skeletal structure. (Dex +2, Stealth)


Message History

Press: ? - help, Dir - move target cursor, f - gnoll, p - gnoll
Aim: a gnoll You hit the gnoll.
The gnoll is moderately wounded.
The gnoll barely misses you.
Attack whom?
Press: ? - help, Dir - move target cursor, f/p - gnoll
Aim: a gnoll (moderately wounded)
You barely miss the gnoll.
The gnoll is moderately wounded.
The gnoll hits you but does no damage. The gnoll misses you.
Attack whom?
Press: ? - help, Dir - move target cursor, f/p - gnoll
Aim: a gnoll (moderately wounded)
You puncture the gnoll!
The gnoll is almost dead.
The gnoll barely misses you. The gnoll hits you.
* * * LOW HITPOINT WARNING * * *
The gnoll hits you from afar with a +0 spear!
You die...

.#....÷...#.........#.##..r.
.....############.$......#
.#............. ##....##.#
÷....#.#######.# ##...##.#
.....#.#.......# #...##.#
.......#.####### #...##.#
..........# #>..##.#
..######..#########...##.#
#.........#.....@ggg.....##
########.##.#######......(..#
.. ..# #......)....##..# ####
### ##.###..#.#.# ..# ...S
#..#.#.# .# ##### #. #.<#.#.#
.# ....# # #. #..#...# .
#...# .##.###......# # ##
....###.#.#.#


You could see 3 gnolls.

Vanquished Creatures
  Sigmund (D:2)
  A gnoll (D:1)
  2 adders (D:2)
  An ooze (D:2)
  2 dart slugs
  2 leopard geckos (D:1)
  3 orcs (D:2)
  2 ball pythons (D:1)
  5 bats
  2 giant cockroaches
  10 goblins
  5 hobgoblins
  7 jackals
  5 frilled lizards
  8 kobolds
  5 rats
61 creatures vanquished.

Notes
Turn   | Place    | Note
-------+----------+-------------------------------------------
     0 | D:1      | Ethylacetat the Demonspawn Gladiator began the quest for
                  | the Orb.
     0 | D:1      | Reached XP level 1. HP: 16/16 MP: 1/1
   293 | D:1      | Gained mutation: You have a somewhat thin skeletal
                  | structure. (Dex +2, Stealth) [demonic ancestry]
   293 | D:1      | Reached XP level 2. HP: 19/22 MP: 2/2
   296 | D:1      | Reached skill level 3 in Polearms
   455 | D:1      | Reached XP level 3. HP: 19/27 MP: 3/3
  1219 | D:2      | Found a radiant altar of Vehumet.
  1219 | D:2      | Found a burning altar of Makhleb.
  1296 | D:2      | Gained mutation: You have a pair of small antennae on your
                  | head. [demonic ancestry]
  1296 | D:2      | Reached XP level 4. HP: 27/33 MP: 4/4
  1406 | D:2      | Noticed Sigmund
  1420 | D:2      | Killed Sigmund
  1420 | D:2      | Reached skill level 4 in Polearms
  1420 | D:2      | Reached skill level 1 in Armour
  1420 | D:2      | Reached skill level 1 in Stealth
  1420 | D:2      | Reached XP level 5. HP: 29/39 MP: 5/5
  2041 | D:2      | Found a runed translucent door.
  2042 | D:2      | Noticed Crazy Yiuf
  2205 | D:2      | HP: 2/40 [gnoll (6)]
  2205 | D:2      | Mangled by a gnoll

Illustrated notes

Levels and vault maps discovered:
D:1:      sevenhm_arrival_forest_fort_large_4, layout_rooms,
          chequers_serial_rivers_micro_c
D:2:      layout_basic, chequers_temple_overflow_statue_of_worship,
          uniq_crazy_yiuf_cottage, uniq_robin, uniq_sigmund

Skill      XL: |  1  2  3  4 |
---------------+-------------+-----
Dodging        | 3 |  3.3
Polearms       | 3 4 |  4.7
Armour         | 1 |  1.3
Stealth        | 1 |  1.6
Fighting       | |  2.8
Throwing       | |  1.9

Action                   |  1- 3 |  4- 6 || total
-------------------------+-------+-------++-------
Melee: Trident           |   111 |    77 ||   188
 Stab: Sleeping          |     3 |     6 ||     9
       Distracted        |     1 |       ||     1
  Eat: Chunk             |     1 |     3 ||     4
Armor: Leather armour    |    22 |    16 ||    38
Dodge: Dodged            |    65 |    31 ||    96
